ORI
MISSISSIPPI STATE UNIVERSITY BULLDOGS @ LOUISIANA STATE UNIVERSITY TIGERS
10/06/2046
 
TOP OF THE 1ST
Mississippi State University Bulldogs batting - Pitching for Louisiana State University Tigers : LHP Gianpaolo Capirossi
Pitching: LHP Gianpaolo Capirossi
Batting: RHB Chris Everett 0-0: Ball
1-0: Called Strike
1-1: Ball
2-1: Foul Ball, location: 2F
2-2: Strikes out swinging
Batting: RHB Alvin Abarca 0-0: Foul Ball, location: 2F
0-1: Called Strike
0-2: Foul Ball, location: 2F
0-2: Ball
1-2: Ground out 6-3 (Groundball, 6, EV 98.1 MPH)
Batting: RHB Josh Stene 0-0: Ball
1-0: Ground out 1-3 (Groundball, 13S, EV 67.5 MPH)
Top of the 1st over - 0 runs, 0 hits, 0 errors, 0 left on base; Mississippi State University 0 - Louisiana State University 0
BOTTOM OF THE 1ST
Louisiana State University Tigers batting - Pitching for Mississippi State University Bulldogs : RHP Willie Berumen
Pitching: RHP Willie Berumen
Batting: RHB Steve McCoig 0-0: Called Strike
0-1: Ball
1-1: Foul Ball, location: 2F
1-2: Strikes out looking
Batting: RHB Alfredo Padilla 0-0: Foul Ball, location: 2F
0-1: Foul Ball, location: 2F
0-2: Foul Ball, location: 2F
0-2: Strikes out swinging
Batting: RHB Pete Roberts 0-0: Ground out 6-3 (Groundball, 6, EV 88.8 MPH)
Bottom of the 1st over - 0 runs, 0 hits, 0 errors, 0 left on base; Mississippi State University 0 - Louisiana State University 0
TOP OF THE 2ND
Mississippi State University Bulldogs batting - Pitching for Louisiana State University Tigers : LHP Gianpaolo Capirossi
Batting: LHB Danny Shanahan 0-0: Foul Ball, location: 2F
0-1: Foul Ball, location: 2F
0-2: Ball
1-2: Foul Ball, location: 2F
1-2: Ground out 4-3 (Groundball, 4, EV 90.6 MPH)
Batting: RHB Alexis Gallegos 0-0: Ball
1-0: Called Strike
1-1: Foul Ball, location: 2F
1-2: Foul Ball, location: 2F
1-2: Foul Ball, location: 2F
1-2: Ball
2-2: Ball
3-2: Strikes out looking
Batting: RHB Bill Petipas 0-0: Called Strike
0-1: Ball
1-1: Called Strike
1-2: Foul Ball, location: 2F
1-2: Strikes out swinging
Top of the 2nd over - 0 runs, 0 hits, 0 errors, 0 left on base; Mississippi State University 0 - Louisiana State University 0
BOTTOM OF THE 2ND
Louisiana State University Tigers batting - Pitching for Mississippi State University Bulldogs : RHP Willie Berumen
Batting: RHB Keith Ashton 0-0: Called Strike
0-1: Ball
1-1: Hit by Pitch
Batting: RHB Peter Turcotte 0-0: Ball
1-0: Ball
2-0: Ball
3-0: Base on Balls
Keith Ashton to second
Batting: LHB Josh Lane 0-0: Ball
1-0: Swinging Strike
1-1: Foul Ball, location: 2F
1-2: Ball
2-2: Foul Ball, location: 2F
2-2: Fielders Choice at 2nd, 4-6 (Groundball, 4, EV 81.9 MPH)
Keith Ashton to third
Batting: RHB Leo Roldan 0-0: SINGLE (Groundball, 34S, EV 87.5 MPH) (infield hit)
Keith Ashton scores
Josh Lane to second
Batting: LHB Oscar Rivera 0-0: Foul Ball, location: 2F
0-1: Called Strike
0-2: Ball
1-2: Foul Ball, location: 2F
1-2: Ball
2-2: SINGLE (Groundball, 4M, EV 93.1 MPH) (infield hit)
Josh Lane to third
Leo Roldan to second
Batting: LHB Alex Morales 0-0: Fly out, F8 (Flyball, 8RM, EV 88.8 MPH)
Runner from 3rd tags up, SCORES, throw by CF
Batting: RHB Steve McCoig 0-0: Ball
1-0: Foul Ball, location: 2F
1-1: Ball
2-1: DOUBLE (Line Drive, 7LD, EV 106.9 MPH)
Leo Roldan scores
Oscar Rivera to third
Runner from 3rd tries for Home, SAFE, throw by LF to trailing runner, SAFE at third!
Batting: RHB Alfredo Padilla 0-0: Ball
1-0: Foul Ball, location: 2F
1-1: Ball
2-1: SINGLE (Groundball, 34D, EV 105.6 MPH)
Steve McCoig scores
Batting: RHB Pete Roberts 0-0: Foul Ball, location: 2F
0-1: Fly out, F8 (Flyball, 8LM, EV 83.8 MPH)
Bottom of the 2nd over - 5 runs, 4 hits, 0 errors, 1 left on base; Mississippi State University 0 - Louisiana State University 5
TOP OF THE 3RD
Mississippi State University Bulldogs batting - Pitching for Louisiana State University Tigers : LHP Gianpaolo Capirossi
Batting: LHB Vinnie Kalman 0-0: Swinging Strike
0-1: Swinging Strike
0-2: Foul Ball, location: 2F
0-2: Strikes out swinging
Batting: RHB Adrian Brown 0-0: Ball
1-0: Ball
2-0: Called Strike
2-1: Foul Ball, location: 2F
2-2: Strikes out swinging
Batting: RHB Oscar Vargas 0-0: Swinging Strike
0-1: Called Strike
0-2: Ground out 5-3 (Groundball, 56, EV 106.9 MPH)
Top of the 3rd over - 0 runs, 0 hits, 0 errors, 0 left on base; Mississippi State University 0 - Louisiana State University 5
BOTTOM OF THE 3RD
Louisiana State University Tigers batting - Pitching for Mississippi State University Bulldogs : RHP Willie Berumen
Batting: RHB Keith Ashton 0-0: Ball
1-0: Ground out 6-3 (Groundball, 6, EV 85.0 MPH)
Batting: RHB Peter Turcotte 0-0: Ball
1-0: Called Strike
1-1: Ball
2-1: Swinging Strike
2-2: Strikes out swinging
Batting: LHB Josh Lane 0-0: Ball
1-0: Ball
2-0: Ball
3-0: Base on Balls
Batting: RHB Leo Roldan 0-0: Called Strike
0-1: Called Strike
0-2: Ball
1-2: Ball
2-2: Strikes out swinging
Bottom of the 3rd over - 0 runs, 0 hits, 0 errors, 1 left on base; Mississippi State University 0 - Louisiana State University 5
TOP OF THE 4TH
Mississippi State University Bulldogs batting - Pitching for Louisiana State University Tigers : LHP Gianpaolo Capirossi
Batting: RHB Chris Everett 0-0: SINGLE (Groundball, 6MD, EV 103.8 MPH)
Batting: RHB Alvin Abarca 0-0: Called Strike
0-1: Foul Ball, location: 2F
0-2: Fly out, F8 (Flyball, 78D, EV 90.0 MPH)
Batting: RHB Josh Stene 0-0: Foul Ball, location: 2F
0-1: Ball
1-1: SINGLE (Groundball, 6MD, EV 101.9 MPH)
Chris Everett to second
Batting: LHB Danny Shanahan 0-0: Ball
1-0: Grounds into double play, 4-6-3 (Groundball, 4, EV 86.2 MPH)
Top of the 4th over - 0 runs, 2 hits, 0 errors, 1 left on base; Mississippi State University 0 - Louisiana State University 5
BOTTOM OF THE 4TH
Louisiana State University Tigers batting - Pitching for Mississippi State University Bulldogs : RHP Willie Berumen
Batting: LHB Oscar Rivera 0-0: Ball
1-0: Ball
2-0: Ball
3-0: Base on Balls
Batting: LHB Alex Morales 0-0: Ball
Oscar Rivera is caught stealing 2nd base 2-6
1-0: Swinging Strike
1-1: Ball
2-1: Foul Ball, location: 2F
2-2: Ball
3-2: Base on Balls
Batting: RHB Steve McCoig 0-0: Called Strike
Alex Morales steals 2nd base
0-1: Ground out 6-3 (Groundball, 6, EV 75.6 MPH)
Alex Morales to third
Batting: RHB Alfredo Padilla 0-0: Ball
1-0: Called Strike
1-1: Fly out, F8 (Flyball, 8RXD, EV 92.5 MPH)
Bottom of the 4th over - 0 runs, 0 hits, 0 errors, 1 left on base; Mississippi State University 0 - Louisiana State University 5
TOP OF THE 5TH
Mississippi State University Bulldogs batting - Pitching for Louisiana State University Tigers : LHP Gianpaolo Capirossi
Batting: RHB Alexis Gallegos 0-0: Called Strike
0-1: TRIPLE (Line Drive, 78XD, EV 105.6 MPH)
Batting: RHB Bill Petipas 0-0: Ball
1-0: Ball
2-0: Foul Ball, location: 2F
2-1: Foul Ball, location: 2F
2-2: Strikes out swinging
Batting: LHB Vinnie Kalman 0-0: Ball
1-0: Ground out 4-3 (Groundball, 34, EV 107.5 MPH)
Alexis Gallegos scores
Batting: RHB Adrian Brown 0-0: Called Strike
0-1: Ball
1-1: Ball
2-1: Ball
3-1: Called Strike
3-2: Base on Balls
Batting: RHB Oscar Vargas 0-0: Fielders Choice at 2nd, 6-4 (Groundball, 6, EV 81.2 MPH)
Top of the 5th over - 1 run, 1 hit, 0 errors, 1 left on base; Mississippi State University 1 - Louisiana State University 5
BOTTOM OF THE 5TH
Louisiana State University Tigers batting - Pitching for Mississippi State University Bulldogs : RHP Willie Berumen
Batting: RHB Pete Roberts 0-0: Called Strike
0-1: Foul Ball, location: 2F
0-2: Foul Ball, location: 2F
0-2: Ball
1-2: SINGLE (Groundball, P, EV 81.9 MPH) (infield hit)
Batting: RHB Keith Ashton 0-0: Called Strike
0-1: Ball
1-1: SINGLE (Groundball, 56D, EV 105.0 MPH)
Pete Roberts to second
Batting: RHB Peter Turcotte 0-0: Reached on error, E6 (Groundball, 6, EV 109.4 MPH)
Pete Roberts to third
Keith Ashton to second
Batting: LHB Josh Lane 0-0: Called Strike
0-1: Ball
Wild Pitch!
Pete Roberts scores
Keith Ashton to third
Peter Turcotte to second
1-1: Ball
2-1: Foul Ball, location: 2F
2-2: Foul Ball, location: 2F
2-2: Strikes out swinging
Batting: RHB Leo Roldan 0-0: Ball
1-0: Foul Ball, location: 2F
1-1: Ball
2-1: Ball
3-1: Called Strike
3-2: Base on Balls
Batting: LHB Oscar Rivera 0-0: Fly out, F7 (Flyball, 7LM, EV 81.9 MPH)
Runner from 3rd tags up, OUT at HOME! 7-2
Bottom of the 5th over - 1 run, 2 hits, 1 error, 2 left on base; Mississippi State University 1 - Louisiana State University 6
TOP OF THE 6TH
Mississippi State University Bulldogs batting - Pitching for Louisiana State University Tigers : LHP Gianpaolo Capirossi
Batting: RHB Chris Everett 0-0: Ball
1-0: Called Strike
1-1: Foul Ball, location: 2F
1-2: Strikes out swinging
Batting: RHB Alvin Abarca 0-0: Foul Ball, location: 2F
0-1: Called Strike
0-2: Fly out, F9 (Flyball, 9S, EV 86.2 MPH)
Batting: RHB Josh Stene 0-0: Ball
1-0: Ball
2-0: Called Strike
2-1: Called Strike
2-2: Ball
3-2: Foul Ball, location: 2F
3-2: Strikes out swinging
Top of the 6th over - 0 runs, 0 hits, 0 errors, 0 left on base; Mississippi State University 1 - Louisiana State University 6
BOTTOM OF THE 6TH
Louisiana State University Tigers batting - Pitching for Mississippi State University Bulldogs : RHP Willie Berumen
Batting: LHB Alex Morales 0-0: Called Strike
0-1: Ball
1-1: Ball
2-1: Ball
3-1: Ground out 6-3 (Groundball, 6MS, EV 82.5 MPH)
Batting: RHB Steve McCoig 0-0: Foul Ball, location: 2F
0-1: Foul Ball, location: 2F
0-2: Foul Ball, location: 2F
0-2: Ball
1-2: Ball
2-2: Foul Ball, location: 2F
2-2: Ball
3-2: Base on Balls
Batting: RHB Alfredo Padilla 0-0: Ball
1-0: Ball
2-0: Ball
3-0: Base on Balls
Steve McCoig to second
Batting: RHB Pete Roberts 0-0: Called Strike
0-1: Foul Ball, location: 2F
0-2: Fielders Choice at 2nd, 4-6 (Groundball, 34, EV 80.6 MPH)
Steve McCoig to third
Batting: RHB Keith Ashton 0-0: Called Strike
0-1: Ball
1-1: Swinging Strike
1-2: Strikes out swinging
Bottom of the 6th over - 0 runs, 0 hits, 0 errors, 2 left on base; Mississippi State University 1 - Louisiana State University 6
TOP OF THE 7TH
Mississippi State University Bulldogs batting - Pitching for Louisiana State University Tigers : LHP Gianpaolo Capirossi
Pitching: LHP Nathan Waters
Pinch Hitting: LHB Ricardo Ramos 0-0: Swinging Strike
0-1: Ball
1-1: Foul Ball, location: 2F
1-2: Strikes out swinging
Batting: RHB Alexis Gallegos 0-0: Swinging Strike
0-1: Foul Ball, location: 2F
0-2: Ball
1-2: Strikes out swinging
Batting: RHB Bill Petipas 0-0: Called Strike
0-1: Ball
1-1: Foul Ball, location: 2F
1-2: Ground out 6-3 (Groundball, 56, EV 78.1 MPH)
Top of the 7th over - 0 runs, 0 hits, 0 errors, 0 left on base; Mississippi State University 1 - Louisiana State University 6
BOTTOM OF THE 7TH
Louisiana State University Tigers batting - Pitching for Mississippi State University Bulldogs : RHP Willie Berumen
Now in RF: Ricardo Ramos
Batting: RHB Peter Turcotte 0-0: Fly out, F9 (Line Drive, 89M, EV 101.2 MPH)
Batting: LHB Josh Lane 0-0: Ball
1-0: SINGLE (Flyball, 89S, EV 91.9 MPH)
Batting: RHB Leo Roldan 0-0: Ball
1-0: Ball
Josh Lane steals 2nd, throwing error, E2
Josh Lane to third
2-0: Ball
3-0: Called Strike
3-1: Ground out 5-3 (Groundball, 56, EV 85.0 MPH)
Josh Lane scores
Batting: LHB Oscar Rivera 0-0: Ball
1-0: Ball
2-0: Swinging Strike
2-1: Ground out 5-3 (Groundball, 56, EV 86.9 MPH)
Bottom of the 7th over - 1 run, 1 hit, 1 error, 0 left on base; Mississippi State University 1 - Louisiana State University 7
TOP OF THE 8TH
Mississippi State University Bulldogs batting - Pitching for Louisiana State University Tigers : LHP Nathan Waters
Batting: LHB Vinnie Kalman 0-0: Ground out 4-3 (Groundball, 4, EV 103.1 MPH)
Batting: RHB Adrian Brown 0-0: Swinging Strike
0-1: Swinging Strike
0-2: Strikes out swinging
Batting: RHB Oscar Vargas 0-0: Ball
1-0: Called Strike
1-1: Ball
2-1: Swinging Strike
2-2: Ball
3-2: Foul Ball, location: 2F
3-2: Strikes out swinging
Top of the 8th over - 0 runs, 0 hits, 0 errors, 0 left on base; Mississippi State University 1 - Louisiana State University 7
BOTTOM OF THE 8TH
Louisiana State University Tigers batting - Pitching for Mississippi State University Bulldogs : RHP Willie Berumen
Batting: LHB Alex Morales 0-0: Hit by Pitch
Pinch Hitting: SHB Brian Caruso 0-0: Called Strike
0-1: Called Strike
0-2: Ball
1-2: Strikes out swinging
Batting: RHB Alfredo Padilla 0-0: Ball
Alex Morales is caught stealing 2nd base 2-4
1-0: Called Strike
1-1: Ball
2-1: DOUBLE (Flyball, 78D, EV 110.0 MPH)
Batting: RHB Byung-hee Jee 0-0: Called Strike
0-1: Foul Ball, location: 2F
0-2: Ball
1-2: Ball
2-2: Foul Ball, location: 2F
2-2: Foul Ball, location: 2F
2-2: Ball
3-2: Base on Balls
Batting: RHB Keith Ashton 0-0: Ball
1-0: Swinging Strike
1-1: Foul Ball, location: 2F
1-2: Ball
2-2: Strikes out swinging
Bottom of the 8th over - 0 runs, 1 hit, 0 errors, 2 left on base; Mississippi State University 1 - Louisiana State University 7
TOP OF THE 9TH
Mississippi State University Bulldogs batting - Pitching for Louisiana State University Tigers : LHP Nathan Waters
Now at SS: Leo Roldan
Now in RF: Brian Caruso
Batting: RHB Chris Everett 0-0: SINGLE (Groundball, 6D, EV 108.8 MPH)
Batting: RHB Alvin Abarca 0-0: Fielders Choice at 2nd, 5-4 (Groundball, 56, EV 86.2 MPH)
Batting: RHB Josh Stene 0-0: Ball
1-0: Called Strike
1-1: Called Strike
1-2: Ball
2-2: Foul Ball, location: 2F
2-2: Strikes out looking
Pinch Hitting: RHB Benjamin Alderdice 0-0: Called Strike
0-1: Ball
1-1: Foul Ball, location: 2F
1-2: Ground out 5-3 (Groundball, 56S, EV 83.8 MPH)
Top of the 9th over - 0 runs, 1 hit, 0 errors, 1 left on base; Mississippi State University 1 - Louisiana State University 7
Tuesday, September 13th , 2022 - OOTP Baseball 23.7 Build 88